 Dungeon Crawl Stone Soup version 0.16-a0-3641-g71d4c1b (webtiles) character file.

6810 jacksonaction the Devastator (level 10, -1/50 HPs)
             Began as a Deep Elf Conjurer on Apr 12, 2015.
             Was a Priest of Vehumet.
             Slain by a water moccasin (5 damage)
             ... on level 11 of the Dungeon.
             The game lasted 01:17:59 (11945 turns).

jacksonaction the Devastator (Deep Elf Conjurer)   Turns: 11945, Time: 01:18:00

Health: -1/50      AC: 10    Str:  5    XL:     10   Next: 77%
Magic:  1/28       EV: 13    Int: 24    God:    Vehumet [***...]
Gold:   435        SH:  0    Dex: 15    Spells: 5 memorised, 1 level left

rFire  . . .     SeeInvis .     k - +1 dagger (protect)
rCold  + . .     Clarity  .     a - +0 robe
rNeg   + . .     SustAb   .     (no shield)
rPois  .         Gourm    .     m - +1 hat
rElec  .         Spirit   .     C - +0 cloak
rCorr  .         Warding  .     H - +0 pair of gloves
rMut   .         Stasis   .     (no boots)
MR     +....                    (no amulet)
Stlth  ++........               f - ring of positive energy
                                d - ring of protection from cold

@: manticore barbs, very slightly contaminated, somewhat resistant to hostile
enchantments, unstealthy
A: no striking features
a: Renounce Religion


You were on level 11 of the Dungeon.
You worshipped Vehumet.
Vehumet was most pleased with you.
You were not hungry.

You visited 2 branches of the dungeon, and saw 12 of its levels.

You collected 435 gold pieces.

Inventory:

Hand weapons
 k - a +1 dagger of protection (weapon)
 N - a +0 blowgun
Missiles
 j - 76 poisoned needles
 z - 6 tomahawks (quivered)
Armour
 a - a +0 robe (worn)
 m - a +1 hat (worn)
 C - a +0 cloak (worn)
 H - a +0 pair of gloves (worn)
Jewellery
 d - a ring of protection from cold (left hand)
 f - a ring of positive energy (right hand)
 g - an uncursed ring of sustain abilities
 l - an uncursed ring of flight
Magical devices
 u - a wand of slowing (21)
 w - a wand of slowing (14)
Scrolls
 o - 2 scrolls of blinking
 s - a scroll of recharging {unknown}
 t - 4 scrolls of remove curse
 v - 4 scrolls of fog {unknown}
 x - a scroll of noise {unknown}
 y - 2 scrolls of fear {unknown}
 D - a scroll of teleportation
 E - 4 scrolls of amnesia
 F - 2 scrolls of enchant weapon {unknown}
 J - 3 scrolls of enchant armour
 P - 2 scrolls of identify
 R - a scroll of magic mapping {unknown}
Potions
 e - a potion of poison {unknown}
 h - a potion of berserk rage {unknown}
 n - a potion of cancellation {unknown}
 p - 3 potions of curing
 q - 3 potions of agility
 r - 2 potions of lignification
 A - 3 potions of restore abilities
 B - 2 potions of flight {unknown}
 L - a potion of brilliance {unknown}
 Q - a potion of heal wounds {unknown}
Books
 c - a book of Conjurations

   Spells                             Type                      Level
   a - Magic Dart                     Conjuration                  1
   b - Searing Ray                    Conjuration                  2
   c - Dazzling Spray                 Conjuration/Hexes            3
   d - Fulminant Prism                Conjuration/Hexes            4
   e - Iskenderun's Mystic Blast      Conjuration                  4
   f - Iskenderun's Battlesphere      Conjuration/Charms           5
 I - a book of Callings

   Spells                             Type                      Level
   a - Summon Small Mammal            Summoning                    1
   b - Call Imp                       Summoning                    2
   c - Call Canine Familiar           Summoning                    3
   d - Summon Guardian Golem          Hexes/Summoning              4
   e - Summon Lightning Spire         Summoning/Air                4
   f - Summon Ice Beast               Ice/Summoning                4
 M - a book of Power

   Spells                             Type                      Level
   a - Fulminant Prism                Conjuration/Hexes            4
   b - Iskenderun's Mystic Blast      Conjuration                  4
   c - Venom Bolt                     Conjuration/Poison           5
   d - Bolt of Magma                  Conjuration/Fire/Earth       5
   e - Iron Shot                      Conjuration/Earth            6
   f - Orb of Destruction             Conjuration                  7
   g - Spellforged Servitor           Conjuration/Summoning        7
Comestibles
 b - 11 bread rations
 i - 4 meat rations
 G - 3 beef jerkies
 K - a slice of pizza
 O - a fruit


   Skills:
 - Level 2.4 Dodging
 - Level 2.4 Stealth
 - Level 6.4 Spellcasting
 + Level 16.4 Conjurations
 - Level 4.2 Charms


You had one spell level left.
You knew the following spells:

 Your Spells              Type           Power        Failure   Level  Hunger
a - Magic Dart            Conj           ####         0%          1    None
b - Searing Ray           Conj           ######       0%          2    None
c - Orb of Destruction    Conj           ######....   2%          7    #######
d - Iskenderun's Battles  Conj/Chrm      ######..     1%          5    #####..
e - Venom Bolt            Conj/Pois      #####.....   2%          5    #####..


Dungeon Overview and Level Annotations

Branches:
Dungeon (11/15)            Temple (1/1) D:6             Orc (0/4) D:9
   Lair: D:8-11

Altars:
Ashenzari
Cheibriados
Dithmenos
Elyvilon
Fedhas
Gozag
Kikubaaqudgha
Makhleb
Nemelex Xobeh
Pakellas
Qazlal
Ru
Sif Muna
Trog
Vehumet
Xom
Yredelemnul
Zin
The Shining One

Shops:
D:8 (

Annotations:
D:9 herbaltea's ghost, experienced DDHe


Message History

The magic dart hits the water moccasin.
The water moccasin is severely wounded.
The water moccasin bites you!
* * * LOW HITPOINT WARNING * * *
The water moccasin bites you but does no damage.
You miss the water moccasin.
The water moccasin is severely wounded.
The water moccasin bites you but does no damage.
You closely miss the water moccasin.
The water moccasin is severely wounded.
The water moccasin misses you.
You barely miss the water moccasin.
The water moccasin is severely wounded.
The water moccasin bites you.
* * * LOW HITPOINT WARNING * * *
The water moccasin barely misses you.
You hit the water moccasin.
The water moccasin is severely wounded.
The water moccasin bites you.
You die...

.## . . #... .. .#
##.. .. .. .# ####..#
.# #. .# ......##.##.
#. .# .##.......$.# #.
.# .##.#....).## #.#.#
.##..†...P... #..[#
.#....P.P.....#.@#
..†...).....†.#.S†...#
.Y.PP†....P.P....###.#
(o)P.(#+##.P....(#
*÷P(..# #.?.....#
..§P((# ...P...#
#†P§P†# .P....#
....HP.PP .P...#
##†.P.P.. .(#


You could see a water moccasin.

Vanquished Creatures
  Erica (D:10)
  A hill giant (D:10)
  Psyche (D:9)
  A basilisk (D:10)
  A wraith (D:10)
  A deep elf mage (D:9)
  2 wyverns
  7 yaks
  A mottled dragon (D:11)
  A water moccasin (D:10)
  3 ice beasts
  2 sky beasts (D:9)
  3 phantoms
  2 centaurs (D:10)
  5 giant frogs
  A wyvern skeleton (D:8)
  6 killer bees (D:11)
  6 scorpions
  5 wights (D:7)
  2 quasits
  A crimson imp (D:10)
  A giant frog zombie (D:7)
  2 goliath beetles (D:8)
  A centaur zombie (D:10)
  2 giant frog skeletons (D:6)
  6 hounds
  4 jellies
  4 orc wizards
  2 iguanas
  A statue (D:6)
  9 worker ants
  A hound skeleton (D:4)
  Robin (D:2)
  3 worker ant zombies
  8 adders
  10 gnolls
  2 river rats (D:11)
  A shadow imp (D:6)
  3 giant mites (D:7)
  A worm (D:3)
  4 adder skeletons
  An adder zombie (D:5)
  3 oozes
  27 orcs
  A ball python (D:1)
  30 bats
  2 giant cockroaches
  12 goblins
  20 hobgoblins
  4 jackals
  6 quokkas
  6 giant geckos
  2 giant newts
  A giant spore (D:7)
  12 kobolds
  2 quokka skeletons
  33 rats
  3 ballistomycetes (D:8)
  A fungus (D:7)
  A plant (D:11)
286 creatures vanquished.

Vanquished Creatures (others)
  A giant spore (D:8)
  A ballistomycete (D:7)
  6 fungi (D:7)
8 creatures vanquished.

Grand Total: 294 creatures vanquished

Notes
Turn   | Place    | Note
--------------------------------------------------------------
     0 | D:1      | jacksonaction, the Deep Elf Conjurer, began the quest for the Orb.
     0 | D:1      | Reached XP level 1. HP: 10/10 MP: 5/5
   299 | D:1      | Reached XP level 2. HP: 15/15 MP: 6/8
   303 | D:1      | Learned a level 2 spell: Searing Ray
   393 | D:1      | Reached skill level 5 in Conjurations
  1080 | D:1      | Reached XP level 3. HP: 19/19 MP: 2/10
  1271 | D:2      | Noticed Robin
  1696 | D:2      | Killed Robin
  1696 | D:2      | Reached skill level 6 in Conjurations
  1759 | D:2      | Reached XP level 4. HP: 24/24 MP: 9/13
  1778 | D:2      | Learned a level 4 spell: Iskenderun's Mystic Blast
  1941 | D:2      | Found a deep blue altar of Sif Muna.
  1947 | D:2      | Found a burning altar of Makhleb.
  1947 | D:2      | Found a sparkling altar of Nemelex Xobeh.
  2816 | D:4      | Reached skill level 7 in Conjurations
  2816 | D:4      | Reached XP level 5. HP: 24/28 MP: 11/16
  3302 | D:4      | Found a blossoming altar of Fedhas.
  3308 | D:4      | Got an ichor-stained long sword
  3335 | D:4      | Reached skill level 8 in Conjurations
  3335 | D:4      | Reached XP level 6. HP: 32/32 MP: 12/18
  3457 | D:4      | Noticed a yak
  3457 | D:4      | Noticed a yak
  3457 | D:4      | Noticed a yak
  3457 | D:4      | Noticed a yak
  3740 | D:4      | Learned a level 5 spell: Iskenderun's Battlesphere
  3994 | D:5      | Entered Level 5 of the Dungeon
  3997 | D:5      | Reached skill level 1 in Charms
  4345 | D:5      | Identified the +9 long sword of the Hundredfold Suns {drain, -Cast +Inv rF+} (You took it off an orc on level 4 of the Dungeon)
  4761 | D:5      | Reached XP level 7. HP: 23/36 MP: 11/21
  5072 | D:6      | Reached skill level 9 in Conjurations
  5351 | D:6      | Found an ancient bone altar of Kikubaaqudgha.
  5476 | D:6      | Found a staircase to the Ecumenical Temple.
  5495 | Temple   | Entered the Ecumenical Temple
  5677 | D:6      | Reached skill level 10 in Conjurations
  5831 | D:6      | Reached XP level 8. HP: 41/41 MP: 10/22
  5834 | D:6      | Found a radiant altar of Vehumet.
  6002 | D:6      | Became a worshipper of Vehumet
  6281 | D:7      | Reached skill level 5 in Spellcasting
  7005 | D:7      | Reached skill level 11 in Conjurations
  7155 | D:7      | Acquired Vehumet's first power
  7155 | D:7      | Offered knowledge of Shock by Vehumet.
  7981 | D:8      | Reached XP level 9. HP: 45/45 MP: 21/27
  7994 | D:8      | Reached skill level 12 in Conjurations
  8001 | D:8      | Learned a level 5 spell: Venom Bolt
  9416 | D:8      | Offered knowledge of Flame Tongue by Vehumet.
  9416 | D:8      | Reached skill level 13 in Conjurations
  9483 | D:8      | Found Hakeac's Weapon Shoppe.
  9542 | D:9      | Found a sacrificial altar of Ru.
  9543 | D:9      | Found a shattered altar of Ashenzari.
  9657 | D:9      | Found a staircase to the Orcish Mines.
  9859 | D:9      | Noticed herbaltea's ghost (experienced DDHe)
 10014 | D:9      | Noticed Psyche
 10018 | D:9      | Killed Psyche
 10211 | D:10     | Entered Level 10 of the Dungeon
 10217 | D:10     | Reached skill level 14 in Conjurations
 10296 | D:10     | Noticed Erica
 10308 | D:10     | Killed Erica
 10308 | D:10     | Reached XP level 10. HP: 50/50 MP: 23/28
 10613 | D:10     | Noticed a hill giant
 10618 | D:10     | Killed a hill giant
 10618 | D:10     | Reached skill level 15 in Conjurations
 11106 | D:10     | Learned a level 7 spell: Orb of Destruction
 11556 | D:10     | Reached skill level 16 in Conjurations
 11745 | D:11     | Offered knowledge of Conjure Flame by Vehumet.
 11838 | D:11     | Acquired Vehumet's second power
 11913 | D:11     | Noticed a manticore
 11945 | D:11     | Slain by a water moccasin

Action                   |  1- 3 |  4- 6 |  7- 9 | 10-12 || total
-------------------------+-------+-------+-------+-------++-------
Melee: Long sword        |       |     6 |       |       ||     6
       Dagger            |       |       |    69 |    19 ||    88
 Fire: Blowgun           |       |       |     2 |    26 ||    28
Throw: Tomahawk          |       |       |       |     1 ||     1
 Cast: Magic Dart        |    86 |   153 |   253 |    88 ||   580
       Searing Ray       |     2 |    14 |    19 |       ||    35
       Iskenderun's Batt |       |       |    28 |    14 ||    42
       Venom Bolt        |       |       |       |    10 ||    10
       Orb of Destructio |       |       |       |     2 ||     2
  Use: Scroll            |       |     3 |     8 |     4 ||    15
 Stab: Sleeping          |       |       |     1 |       ||     1
       Distracted        |       |       |       |     1 ||     1
  Eat: Chunk             |     2 |    10 |    22 |    12 ||    46
       Pizza             |       |       |     1 |       ||     1
       Fruit             |       |       |       |     1 ||     1
